Capitals vs Senators

Created - January-16-14 at 18:04

Goals
1 2 3 T
Capitals 0 1 0 1
Senators 1 2 2 5
Shots
1 2 3 T
Capitals 6 8 17 31
Senators 10 21 8 39

1st period

1. Senators , Dustin Byfuglien 12 (James Neal) at 11:35 (PP)

Penalties :
James Neal (OTT) for Roughing (Minor) at 5:56, Ryan McDonagh (WSH) for Charging (Minor) at 5:56, Jiri Tlusty (WSH) for Holding (Minor) at 11:03, Jared Cowen (OTT) for Hooking (Minor) at 13:01

2nd period

2. Capitals , Alexander Ovechkin 28 (Ryan McDonagh, Taylor Hall) at 1:31
3. Senators , Tyler Kennedy 5 (Jan Hejda, Josh Bailey) at 12:51
4. Senators , Alexander Edler 12 (Marc-Edouard Vlasic, Erik Condra) at 14:14

Penalties :
Josh Bailey (OTT) for Interference (Minor) at 4:43, Daniel Briere (WSH) for Hooking (Minor) at 7:30, Corey Potter (WSH) for Hooking (Minor) at 17:00, Kaspars Daugavins (OTT) for High sticking (Minor) at 19:07

3rd period

5. Senators , Jeff Carter 18 (Sidney Crosby) at 12:52 (PP)
6. Senators , James Neal 20 (Alexander Edler) at 16:03 (PP)

Penalties :
Dustin Byfuglien (OTT) for Holding (Minor) at 2:47, Jimmy Howard (WSH) for Slashing (Minor) at 9:35 - Alexander Semin served the penalty., Ryan McDonagh (WSH) for Tripping (Minor) at 12:46, Marc Methot (WSH) for Roughing (Minor) at 14:45, Alexander Edler (OTT) for Holding (Minor) at 18:40

Goalie Stats

Jimmy Howard (WSH), 34 saves from 39 shots - (0.872), L, 25-10-0, 60:00 minutes
Carey Price (OTT), 30 saves from 31 shots - (0.968), W, 19-9-3, 60:00 minutes

Players Stats for Capitals

Player Name              G  A  P  +/- PIM S  H  SB GA TA FO     MP     PP MP  PK MP  
------------------------------------------------------------------------------------
Alexander Ovechkin       1  0  1   0  0   4  5  0  0  0  1/3    18:55   0:00   0:00 
Alexander Semin          0  0  0   0  0   5  0  0  0  0  0/0    18:46   4:15   0:00 
Alexei Kovalev           0  0  0   0  0   0  0  0  0  0  0/0     0:00   0:00   0:00 
Corey Potter             0  0  0   0  2   1  0  2  0  0  0/0    13:19   0:00   0:42 
Daniel Briere            0  0  0  -1  2   0  0  0  0  0  4/8    20:39   6:13   0:33 
David Desharnais         0  0  0  -1  0   1  2  0  0  0  5/15   12:42   0:00   0:00 
Douglas Murray           0  0  0   0  0   1  2  1  0  0  0/0    13:04   0:00   0:00 
Jay Harrison             0  0  0  -1  0   0  1  3  0  0  0/0    19:43   2:59   3:38 
Jiri Tlusty              0  0  0   0  2   4  1  0  0  0  6/18   13:39   0:00   0:00 
Marc Methot              0  0  0   0  2   2  9  3  0  0  0/0    23:24   6:16   3:33 
Matt Stajan              0  0  0   0  0   3  1  0  0  0  21/36  21:15   5:00   5:25 
Mike Green               0  0  0  -1  0   2  0  1  0  0  0/0    19:43   2:59   3:38 
Ryan McDonagh            0  1  1   0  4   4  1  0  0  0  0/0    26:44   6:16   4:09 
Ryane Clowe              0  0  0   0  0   0  1  0  0  0  6/7     7:30   3:02   0:00 
T.J. Galiardi            0  0  0   0  0   1  1  0  0  0  1/2    20:07   5:00   5:04 
Taylor Hall              0  1  1   0  0   1  0  1  0  0  3/7    21:29   4:15   2:22 
Tom Poti                 0  0  0   0  0   1  0  0  0  0  0/0     3:59   0:00   0:06 
Tomas Fleischmann        0  0  0  -1  0   1  2  0  0  0  0/0    15:04   0:00   2:22 

Players Stats for Senators

Player Name              G  A  P  +/- PIM S  H  SB GA TA FO     MP     PP MP  PK MP  
------------------------------------------------------------------------------------
Alexander Edler          1  1  2   1  2   5  4  1  0  0  0/0    19:16   3:02   1:49 
Dustin Byfuglien         1  0  1  -1  2   2  0  1  0  0  0/0    23:43   4:51   3:57 
Erik Condra              0  1  1   1  0   1  0  1  0  0  0/0     9:12   0:00   5:10 
Filip Kuba               0  0  0  -1  0   1  1  3  0  0  0/0    21:31   3:02   4:45 
James Neal               1  1  2   0  2   3  3  0  0  0  0/1    18:54   4:40   0:00 
Jan Hejda                0  1  1   1  0   1  1  3  0  0  0/0    17:39   0:00   4:09 
Jared Cowen              0  0  0   0  2   2  1  2  0  0  0/0    12:52   4:51   3:50 
Jason Spezza             0  0  0   0  0   2  0  1  0  0  20/33  21:55   3:13   4:05 
Jeff Carter              1  0  1   0  0   4  1  0  0  0  1/1    18:55   4:40   0:00 
Josh Bailey              0  1  1   0  2   7  0  0  0  0  0/0    13:10   3:13   0:00 
Kaspars Daugavins        0  0  0   1  2   0  0  2  0  0  0/0    20:52   0:00   3:01 
Marc-Edouard Vlasic      0  1  1   1  0   1  0  2  0  0  0/0    15:13   0:00   0:00 
Mika Zibanejad           0  0  0   0  0   0  4  0  0  0  4/14    9:58   0:00   0:00 
Pierre-Alexandr Parentea 0  0  0   0  0   4  2  1  0  0  0/1    18:54   3:13   1:04 
Rostislav Klesla         0  0  0   1  0   0  0  0  0  0  0/0     9:43   0:00   0:00 
Sidney Crosby            0  1  1   0  0   2  0  0  0  0  17/30  18:55   4:40   0:00 
Steve Bernier            0  0  0   1  0   0  0  0  0  0  4/6     4:02   0:00   0:00 
Tyler Kennedy            1  0  1   0  0   4  0  0  0  0  3/10   13:56   0:00   5:10 

3 Stars

1 - Carey Price (OTT)
2 - Alexander Edler (OTT)
3 - Alexander Ovechkin (WSH)

Power Play

Capitals - 0 on 5 Attempt(s) - 0.00%
Senators - 3 on 6 Attempt(s) - 50.00%

Penalty Kill

Capitals - 3 on 6 Attempt(s) - 50.00% - Score 0 goal in Penalty Kill
Senators - 5 on 5 Attempt(s) - 100.00% - Score 0 goal in Penalty Kill

Official

Referees : Ian Walsh and Dean Morton
Linesman : Scott Driscoll and Vaughan Rody

Game Notes

No Game Note

Finance

Level 1 -- Attendance: 5968 (91.82%) -- Ticket Income $596,800
Level 2 -- Attendance: 4713 (94.26%) -- Ticket Income $282,780
Level 3 -- Attendance: 3469 (99.11%) -- Ticket Income $121,415
Level 4 -- Attendance: 2993 (94.93%) -- Ticket Income $89,790
Luxury Box -- Attendance: 755 (75.50%) -- Ticket Income $188,750
Game was played at the Scotiabank Place
Total Attendance: 17898 (93.45%)
Total Ticket Income: $1,279,535
Other Income: $191,930
Total Income: $1,471,465


% Time on Ice - Capitals

Lines # - Real PCT - Wanted PCT - Time Play
Normal Forward
1 - 33% - 35% - 13:40
2 - 31% - 27% - 12:42
3 - 25% - 23% - 10:03
4 - 11% - 15% - 4:28
Normal Defense
1 - 31% - 35% - 12:49
2 - 30% - 27% - 12:15
3 - 30% - 23% - 12:17
4 - 9% - 15% - 3:32
PP Forward
1 - 54% - 60% - 5:00
2 - 46% - 40% - 4:15
PP Defense
1 - 68% - 60% - 6:16
2 - 32% - 40% - 2:59
PK Forward
1 - 70% - 60% - 5:31
2 - 30% - 40% - 2:22
PK Defense
1 - 54% - 60% - 4:15
2 - 46% - 40% - 3:38
PK3 Forward
1 - 0% - 60%
2 - 0% - 40%
PK3 Defense
1 - 0% - 60%
2 - 0% - 40%
44 Forward
1 - 61% - 60% - 1:12
2 - 39% - 40% - 0:47
44 Defense
1 - 57% - 60% - 1:08
2 - 43% - 40% - 0:51
Last Minute Offensive  - 0:00
Last Minute Defensive  - 0:00
Total
Forward - 60:00
Defense - 60:00

% Time on Ice - Senators

Lines # - Real PCT - Wanted PCT - Time Play
Normal Forward
1 - 35% - 32% - 14:15
2 - 34% - 32% - 13:50
3 - 21% - 21% - 8:46
4 - 10% - 15% - 4:02
Normal Defense
1 - 35% - 32% - 14:26
2 - 34% - 32% - 13:44
3 - 24% - 25% - 9:43
4 - 7% - 11% - 3:00
PP Forward
1 - 41% - 50% - 3:13
2 - 59% - 50% - 4:40
PP Defense
1 - 62% - 50% - 4:51
2 - 38% - 50% - 3:02
PK Forward
1 - 44% - 50% - 4:05
2 - 56% - 50% - 5:10
PK Defense
1 - 45% - 50% - 4:09
2 - 55% - 50% - 5:06
PK3 Forward
1 - 0% - 50%
2 - 0% - 50%
PK3 Defense
1 - 0% - 50%
2 - 0% - 50%
44 Forward
1 - 61% - 52% - 1:12
2 - 39% - 48% - 0:47
44 Defense
1 - 61% - 52% - 1:12
2 - 39% - 48% - 0:47
Last Minute Offensive  - 0:00
Last Minute Defensive  - 0:00
Total
Forward - 60:00
Defense - 60:00

Play by Play

1st period


0:01 of 1st period - Sidney Crosby wins face-off versus Jiri Tlusty in neutral zone.
0:01 of 1st period - James Neal is hit by Alexander Ovechkin and loses puck.
0:12 of 1st period - Shot by Taylor Hall.
0:12 of 1st period - Deflect By Jiri Tlusty.
0:12 of 1st period - Stopped by Carey Price without a rebound.
0:13 of 1st period - Jason Spezza wins face-off versus David Desharnais in Senators zone.
0:38 of 1st period - Shot by Dustin Byfuglien.
0:38 of 1st period - Shot Misses the Net.
0:44 of 1st period - Shot by Dustin Byfuglien.
0:44 of 1st period - Stopped by Jimmy Howard with a rebound.
2:19 of 1st period - Icing by Ryan McDonagh.
2:20 of 1st period - Sidney Crosby wins face-off versus Jiri Tlusty in Capitals zone.
2:32 of 1st period - Off-side.
2:33 of 1st period - Steve Bernier wins face-off versus David Desharnais in neutral zone.
2:35 of 1st period - Filip Kuba is hit by David Desharnais and loses puck.
3:58 of 1st period - Shot by Alexander Ovechkin.
3:58 of 1st period - Stopped by Carey Price without a rebound.
3:59 of 1st period - Mika Zibanejad wins face-off versus Jiri Tlusty in Senators zone.
3:59 of 1st period - Mika Zibanejad is hit by Alexander Ovechkin.
4:30 of 1st period - Icing by Mike Green.
4:31 of 1st period - Jason Spezza wins face-off versus Jiri Tlusty in Capitals zone.
4:38 of 1st period - Shot by Jason Spezza.
4:38 of 1st period - Shot Blocked by Mike Green.
4:40 of 1st period - Shot by Filip Kuba.
4:40 of 1st period - Shot Misses the Net.
5:53 of 1st period - Shot by Jeff Carter.
5:53 of 1st period - Shot Misses the Net.
5:56 of 1st period - Minor Penalty to James Neal for Roughing.
5:56 of 1st period - Minor Penalty to Ryan McDonagh for Charging.
5:57 of 1st period - Daniel Briere wins face-off versus Mika Zibanejad in Capitals zone.
6:33 of 1st period - Shot by Dustin Byfuglien.
6:33 of 1st period - Shot Blocked by Taylor Hall.
6:35 of 1st period - Shot by Josh Bailey.
6:35 of 1st period - Shot Blocked by Jay Harrison.
6:55 of 1st period - Shot by Pierre-Alexandr Parenteau.
6:55 of 1st period - Shot Blocked by Douglas Murray.
6:57 of 1st period - Shot by Marc-Edouard Vlasic.
6:57 of 1st period - Shot Blocked by Marc Methot.
6:59 of 1st period - Shot by Jason Spezza.
6:59 of 1st period - Shot Misses the Net.
8:00 of 1st period - Shot by Josh Bailey.
8:00 of 1st period - Stopped by Jimmy Howard without a rebound.
8:01 of 1st period - Ryane Clowe wins face-off versus Sidney Crosby in Capitals zone.
8:12 of 1st period - Shot by Alexander Ovechkin.
8:12 of 1st period - Shot Misses the Net.
8:23 of 1st period - Sidney Crosby is hit by Ryan McDonagh and loses puck.
9:00 of 1st period - Icing by Jay Harrison.
9:01 of 1st period - Jason Spezza wins face-off versus David Desharnais in Capitals zone.
9:11 of 1st period - Shot by Pierre-Alexandr Parenteau.
9:11 of 1st period - Shot Misses the Net.
9:13 of 1st period - Shot by Jan Hejda.
9:13 of 1st period - Stopped by Jimmy Howard without a rebound.
9:14 of 1st period - Matt Stajan wins face-off versus Mika Zibanejad in Capitals zone.
9:28 of 1st period - Shot by Josh Bailey.
9:28 of 1st period - Shot Misses the Net.
9:30 of 1st period - Shot by Tyler Kennedy.
9:30 of 1st period - Stopped by Jimmy Howard without a rebound.
9:31 of 1st period - Jason Spezza wins face-off versus Jiri Tlusty in Capitals zone.
9:32 of 1st period - Shot by Pierre-Alexandr Parenteau.
9:32 of 1st period - Shot Misses the Net.
9:36 of 1st period - Shot by Jason Spezza.
9:36 of 1st period - Stopped by Jimmy Howard without a rebound.
9:37 of 1st period - Jason Spezza wins face-off versus Matt Stajan in Capitals zone.
10:32 of 1st period - Shot by Jiri Tlusty.
10:32 of 1st period - Shot Misses the Net.
11:00 of 1st period - Shot by Alexander Ovechkin.
11:00 of 1st period - Shot Blocked by Marc-Edouard Vlasic.
11:03 of 1st period - Minor Penalty to Jiri Tlusty for Holding.
11:04 of 1st period - Matt Stajan wins face-off versus Sidney Crosby in Capitals zone.
11:35 of 1st period - Shot by Dustin Byfuglien.
11:35 of 1st period - Goal by Dustin Byfuglien - Capitals : 0 - Senators : 1.
11:36 of 1st period - Taylor Hall wins face-off versus Mika Zibanejad in neutral zone.
11:43 of 1st period - Shot by Josh Bailey.
11:43 of 1st period - Stopped by Jimmy Howard without a rebound.
11:44 of 1st period - Jiri Tlusty wins face-off versus Mika Zibanejad in Capitals zone.
11:44 of 1st period - Jiri Tlusty is hit by Mika Zibanejad.
12:01 of 1st period - Shot by Josh Bailey.
12:01 of 1st period - Stopped by Jimmy Howard without a rebound.
12:02 of 1st period - Sidney Crosby wins face-off versus David Desharnais in Capitals zone.
12:09 of 1st period - Shot by Jeff Carter.
12:09 of 1st period - Shot Misses the Net.
12:11 of 1st period - Shot by Dustin Byfuglien.
12:11 of 1st period - Shot Misses the Net.
12:13 of 1st period - Shot by Filip Kuba.
12:13 of 1st period - Stopped by Jimmy Howard without a rebound.
12:14 of 1st period - Steve Bernier wins face-off versus Jiri Tlusty in Capitals zone.
12:36 of 1st period - Shot by Jiri Tlusty.
12:36 of 1st period - Shot Blocked by Kaspars Daugavins.
13:01 of 1st period - Minor Penalty to Jared Cowen for Hooking.
13:02 of 1st period - Daniel Briere wins face-off versus Tyler Kennedy in Senators zone.
13:05 of 1st period - Shot by Ryan McDonagh.
13:05 of 1st period - Shot Blocked by Filip Kuba.
13:07 of 1st period - Shot by Marc Methot.
13:07 of 1st period - Stopped by Carey Price without a rebound.
13:08 of 1st period - Jason Spezza wins face-off versus Matt Stajan in Senators zone.
14:09 of 1st period - Shot by Taylor Hall.
14:09 of 1st period - Shot Blocked by Kaspars Daugavins.
14:37 of 1st period - Shot by Alexander Semin.
14:37 of 1st period - Stopped by Carey Price without a rebound.
14:38 of 1st period - Matt Stajan wins face-off versus Tyler Kennedy in Senators zone.
14:43 of 1st period - Shot by Matt Stajan.
14:43 of 1st period - Stopped by Carey Price without a rebound.
14:44 of 1st period - Tyler Kennedy wins face-off versus Daniel Briere in Senators zone.
15:01 of 1st period - Shot by Taylor Hall.
15:01 of 1st period - Shot Blocked by Marc-Edouard Vlasic.
15:03 of 1st period - Shot by Taylor Hall.
15:03 of 1st period - Shot Misses the Net.
15:05 of 1st period - Shot by Corey Potter.
15:05 of 1st period - Stopped by Carey Price without a rebound.
15:06 of 1st period - Ryane Clowe wins face-off versus Sidney Crosby in Senators zone.
15:14 of 1st period - Ryane Clowe is hit by Alexander Edler.
15:27 of 1st period - Alexander Semin is hit by Alexander Edler and loses puck.
16:17 of 1st period - Icing by James Neal.
16:18 of 1st period - Taylor Hall wins face-off versus Sidney Crosby in Senators zone.
16:18 of 1st period - Jay Harrison is hit by Alexander Edler and loses puck.
16:46 of 1st period - Icing by Jason Spezza.
16:47 of 1st period - Jason Spezza wins face-off versus Daniel Briere in Senators zone.
16:47 of 1st period - Jason Spezza is hit by Tomas Fleischmann.
16:54 of 1st period - Icing by Filip Kuba.
16:55 of 1st period - Jason Spezza wins face-off versus David Desharnais in Senators zone.
17:13 of 1st period - Shot by Jason Spezza.
17:13 of 1st period - Shot Misses the Net.
17:17 of 1st period - Shot by Pierre-Alexandr Parenteau.
17:17 of 1st period - Stopped by Jimmy Howard without a rebound.
17:18 of 1st period - Matt Stajan wins face-off versus Mika Zibanejad in Capitals zone.
17:29 of 1st period - Jay Harrison is hit by Mika Zibanejad and loses puck.
18:20 of 1st period - Pierre-Alexandr Parenteau is hit by Alexander Ovechkin and loses puck.
18:48 of 1st period - Dustin Byfuglien is hit by Marc Methot and loses puck.
19:32 of 1st period - Shot by David Desharnais.
19:32 of 1st period - Deflect By Daniel Briere.
19:32 of 1st period - Shot Misses the Net.
19:58 of 1st period - Marc-Edouard Vlasic is hit by Matt Stajan and loses puck.
Goals for this period are 0 for Capitals vs 1 for Senators.
Shots for this period are 6 for Capitals vs 10 for Senators.

2nd period


0:01 of 2nd period - Jiri Tlusty wins face-off versus Sidney Crosby in neutral zone.
0:12 of 2nd period - Shot by Alexander Ovechkin.
0:12 of 2nd period - Shot Misses the Net.
0:14 of 2nd period - Shot by Alexander Ovechkin.
0:14 of 2nd period - Stopped by Carey Price without a rebound.
0:15 of 2nd period - David Desharnais wins face-off versus Steve Bernier in Senators zone.
1:13 of 2nd period - Off-side.
1:14 of 2nd period - Alexander Ovechkin wins face-off versus Mika Zibanejad in neutral zone.
1:31 of 2nd period - Shot by Alexander Ovechkin.
1:31 of 2nd period - Goal by Alexander Ovechkin - Capitals : 1 - Senators : 1.
1:32 of 2nd period - Matt Stajan wins face-off versus Sidney Crosby in neutral zone.
2:03 of 2nd period - Shot by Alexander Semin.
2:03 of 2nd period - Stopped by Carey Price with a rebound.
2:36 of 2nd period - Icing by Marc Methot.
2:37 of 2nd period - Jason Spezza wins face-off versus Jiri Tlusty in Capitals zone.
2:50 of 2nd period - Shot by Kaspars Daugavins.
2:50 of 2nd period - Shot Blocked by Marc Methot.
2:52 of 2nd period - Shot by Pierre-Alexandr Parenteau.
2:52 of 2nd period - Deflect By Jason Spezza.
2:52 of 2nd period - Stopped by Jimmy Howard without a rebound.
2:53 of 2nd period - David Desharnais wins face-off versus Mika Zibanejad in Capitals zone.
3:13 of 2nd period - Josh Bailey is hit by Douglas Murray.
3:17 of 2nd period - Shot by Josh Bailey.
3:17 of 2nd period - Stopped by Jimmy Howard with a rebound.
3:27 of 2nd period - Shot by Tyler Kennedy.
3:27 of 2nd period - Stopped by Jimmy Howard without a rebound.
3:28 of 2nd period - Jason Spezza wins face-off versus Jiri Tlusty in Capitals zone.
3:29 of 2nd period - Shot by Pierre-Alexandr Parenteau.
3:29 of 2nd period - Stopped by Jimmy Howard without a rebound.
3:30 of 2nd period - Jiri Tlusty wins face-off versus Pierre-Alexandr Parenteau in Capitals zone.
3:43 of 2nd period - Pierre-Alexandr Parenteau is hit by Alexander Ovechkin and loses puck.
4:08 of 2nd period - Shot by Jiri Tlusty.
4:08 of 2nd period - Shot Misses the Net.
4:10 of 2nd period - Shot by Marc Methot.
4:10 of 2nd period - Stopped by Carey Price without a rebound.
4:11 of 2nd period - Sidney Crosby wins face-off versus Matt Stajan in Senators zone.
4:26 of 2nd period - Shot by Sidney Crosby.
4:26 of 2nd period - Shot Misses the Net.
4:28 of 2nd period - Shot by Alexander Edler.
4:28 of 2nd period - Stopped by Jimmy Howard without a rebound.
4:29 of 2nd period - David Desharnais wins face-off versus Tyler Kennedy in Capitals zone.
4:29 of 2nd period - David Desharnais is hit by Mika Zibanejad.
4:43 of 2nd period - Minor Penalty to Josh Bailey for Interference.
4:44 of 2nd period - Jason Spezza wins face-off versus Matt Stajan in Senators zone.
4:52 of 2nd period - Icing by Matt Stajan.
4:53 of 2nd period - Jason Spezza wins face-off versus Matt Stajan in Capitals zone.
5:08 of 2nd period - Shot by Daniel Briere.
5:08 of 2nd period - Shot Misses the Net.
5:54 of 2nd period - Kaspars Daugavins is hit by Ryane Clowe.
6:11 of 2nd period - Icing by Taylor Hall.
6:12 of 2nd period - Ryane Clowe wins face-off versus Tyler Kennedy in Capitals zone.
6:55 of 2nd period - Shot by Jeff Carter.
6:55 of 2nd period - Stopped by Jimmy Howard without a rebound.
6:56 of 2nd period - Jiri Tlusty wins face-off versus Jason Spezza in Capitals zone.
7:09 of 2nd period - Shot by Jiri Tlusty.
7:09 of 2nd period - Stopped by Carey Price without a rebound.
7:10 of 2nd period - Sidney Crosby wins face-off versus David Desharnais in Senators zone.
7:14 of 2nd period - Dustin Byfuglien is hit by David Desharnais and loses puck.
7:30 of 2nd period - Minor Penalty to Daniel Briere for Hooking.
7:31 of 2nd period - Matt Stajan wins face-off versus Jason Spezza in Capitals zone.
7:45 of 2nd period - Jason Spezza is hit by Marc Methot and loses puck.
7:48 of 2nd period - Shot by Jared Cowen.
7:48 of 2nd period - Stopped by Jimmy Howard without a rebound.
7:49 of 2nd period - Matt Stajan wins face-off versus Sidney Crosby in Capitals zone.
7:55 of 2nd period - Icing by Jeff Carter.
7:56 of 2nd period - Matt Stajan wins face-off versus Sidney Crosby in Senators zone.
8:04 of 2nd period - Sidney Crosby is hit by Marc Methot and loses puck.
8:17 of 2nd period - Shot by Jeff Carter.
8:17 of 2nd period - Stopped by Jimmy Howard without a rebound.
8:18 of 2nd period - Jason Spezza wins face-off versus T.J. Galiardi in Capitals zone.
8:18 of 2nd period - Jason Spezza is hit by Jay Harrison.
8:24 of 2nd period - Shot by Pierre-Alexandr Parenteau.
8:24 of 2nd period - Stopped by Jimmy Howard without a rebound.
8:25 of 2nd period - Matt Stajan wins face-off versus Jason Spezza in Capitals zone.
8:38 of 2nd period - Shot by Josh Bailey.
8:38 of 2nd period - Shot Blocked by Jay Harrison.
8:50 of 2nd period - Shot by Josh Bailey.
8:50 of 2nd period - Stopped by Jimmy Howard without a rebound.
8:51 of 2nd period - Sidney Crosby wins face-off versus Taylor Hall in Capitals zone.
8:58 of 2nd period - Shot by Jeff Carter.
8:58 of 2nd period - Stopped by Jimmy Howard with a rebound.
9:56 of 2nd period - Shot by Pierre-Alexandr Parenteau.
9:56 of 2nd period - Shot Blocked by Corey Potter.
10:06 of 2nd period - Shot by Douglas Murray.
10:06 of 2nd period - Stopped by Carey Price without a rebound.
10:07 of 2nd period - David Desharnais wins face-off versus Mika Zibanejad in Senators zone.
10:11 of 2nd period - Tomas Fleischmann is hit by Jan Hejda and loses puck.
10:25 of 2nd period - Shot by David Desharnais.
10:25 of 2nd period - Shot Misses the Net.
10:30 of 2nd period - Rostislav Klesla is hit by Marc Methot and loses puck.
10:36 of 2nd period - Rostislav Klesla is hit by Marc Methot.
10:41 of 2nd period - Icing by Ryan McDonagh.
10:42 of 2nd period - David Desharnais wins face-off versus Sidney Crosby in Capitals zone.
10:42 of 2nd period - David Desharnais is hit by James Neal.
11:02 of 2nd period - Shot by James Neal.
11:02 of 2nd period - Shot Misses the Net.
11:13 of 2nd period - James Neal is hit by Marc Methot and loses puck.
11:39 of 2nd period - Ryan McDonagh is hit by Alexander Edler and loses puck.
11:59 of 2nd period - Jason Spezza is hit by Marc Methot and loses puck.
12:14 of 2nd period - Shot by Alexander Edler.
12:14 of 2nd period - Shot Blocked by Marc Methot.
12:42 of 2nd period - Josh Bailey is hit by Marc Methot and loses puck.
12:51 of 2nd period - Shot by Tyler Kennedy.
12:51 of 2nd period - Goal by Tyler Kennedy - Capitals : 1 - Senators : 2.
12:52 of 2nd period - Jiri Tlusty wins face-off versus James Neal in neutral zone.
13:33 of 2nd period - Shot by Sidney Crosby.
13:33 of 2nd period - Stopped by Jimmy Howard without a rebound.
13:34 of 2nd period - Steve Bernier wins face-off versus Matt Stajan in Capitals zone.
13:44 of 2nd period - Off-side.
13:45 of 2nd period - Matt Stajan wins face-off versus Mika Zibanejad in neutral zone.
13:52 of 2nd period - Shot by Alexander Semin.
13:52 of 2nd period - Shot Misses the Net.
13:54 of 2nd period - Shot by T.J. Galiardi.
13:54 of 2nd period - Shot Misses the Net.
13:56 of 2nd period - Shot by Corey Potter.
13:56 of 2nd period - Deflect By Matt Stajan.
13:56 of 2nd period - Stopped by Carey Price without a rebound.
13:57 of 2nd period - Steve Bernier wins face-off versus Alexander Ovechkin in Senators zone.
14:08 of 2nd period - Shot by Erik Condra.
14:08 of 2nd period - Stopped by Jimmy Howard with a rebound.
14:10 of 2nd period - Shot by Marc-Edouard Vlasic.
14:10 of 2nd period - Stopped by Jimmy Howard with a rebound.
14:12 of 2nd period - Shot by Marc-Edouard Vlasic.
14:12 of 2nd period - Shot Misses the Net.
14:14 of 2nd period - Shot by Alexander Edler.
14:14 of 2nd period - Goal by Alexander Edler - Capitals : 1 - Senators : 3.
14:15 of 2nd period - Sidney Crosby wins face-off versus Matt Stajan in neutral zone.
14:47 of 2nd period - Icing by Dustin Byfuglien.
14:48 of 2nd period - Sidney Crosby wins face-off versus Jiri Tlusty in Senators zone.
15:03 of 2nd period - Mike Green is hit by James Neal and loses puck.
15:47 of 2nd period - Icing by Marc-Edouard Vlasic.
15:48 of 2nd period - Jason Spezza wins face-off versus Matt Stajan in Senators zone.
16:17 of 2nd period - Shot by Alexander Semin.
16:17 of 2nd period - Shot Blocked by Alexander Edler.
16:19 of 2nd period - Shot by Alexander Semin.
16:19 of 2nd period - Stopped by Carey Price without a rebound.
16:20 of 2nd period - Mika Zibanejad wins face-off versus David Desharnais in Senators zone.
16:20 of 2nd period - Jan Hejda is hit by Tomas Fleischmann.
16:38 of 2nd period - Shot by Josh Bailey.
16:38 of 2nd period - Shot Blocked by Corey Potter.
16:42 of 2nd period - Shot by Josh Bailey.
16:42 of 2nd period - Deflect By Tyler Kennedy.
16:42 of 2nd period - Stopped by Jimmy Howard with a rebound.
17:00 of 2nd period - Shot by Josh Bailey.
17:00 of 2nd period - Stopped by Jimmy Howard without a rebound.
17:00 of 2nd period - Minor Penalty to Corey Potter for Hooking.
17:01 of 2nd period - Sidney Crosby wins face-off versus Matt Stajan in Capitals zone.
17:08 of 2nd period - Shot by Filip Kuba.
17:08 of 2nd period - Shot Misses the Net.
17:24 of 2nd period - Shot by Alexander Edler.
17:24 of 2nd period - Shot Misses the Net.
17:26 of 2nd period - Shot by Alexander Edler.
17:26 of 2nd period - Stopped by Jimmy Howard without a rebound.
17:27 of 2nd period - Matt Stajan wins face-off versus Jason Spezza in Capitals zone.
18:06 of 2nd period - Shot by Pierre-Alexandr Parenteau.
18:06 of 2nd period - Stopped by Jimmy Howard without a rebound.
18:07 of 2nd period - Sidney Crosby wins face-off versus Taylor Hall in Capitals zone.
18:32 of 2nd period - Shot by James Neal.
18:32 of 2nd period - Stopped by Jimmy Howard without a rebound.
18:33 of 2nd period - Jason Spezza wins face-off versus Matt Stajan in Capitals zone.
19:07 of 2nd period - Minor Penalty to Kaspars Daugavins for High sticking.
19:08 of 2nd period - Tyler Kennedy wins face-off versus Daniel Briere in Senators zone.
19:24 of 2nd period - Off-side.
19:25 of 2nd period - Daniel Briere wins face-off versus Tyler Kennedy in neutral zone.
19:44 of 2nd period - Shot by Marc Methot.
19:44 of 2nd period - Shot Blocked by Pierre-Alexandr Parenteau.
Goals for this period are 1 for Capitals vs 2 for Senators.
Shots for this period are 8 for Capitals vs 21 for Senators.

3rd period


0:01 of 3rd period - T.J. Galiardi wins face-off versus Jason Spezza in neutral zone.
0:18 of 3rd period - Shot by Ryan McDonagh.
0:18 of 3rd period - Stopped by Carey Price without a rebound.
0:19 of 3rd period - Daniel Briere wins face-off versus Jason Spezza in Senators zone.
0:20 of 3rd period - Shot by Alexander Semin.
0:20 of 3rd period - Stopped by Carey Price without a rebound.
0:21 of 3rd period - Matt Stajan wins face-off versus Jason Spezza in Senators zone.
0:42 of 3rd period - Dustin Byfuglien is hit by T.J. Galiardi and loses puck.
1:42 of 3rd period - Shot by Alexander Edler.
1:42 of 3rd period - Shot Blocked by Jay Harrison.
2:44 of 3rd period - Shot by Tomas Fleischmann.
2:44 of 3rd period - Stopped by Carey Price with a rebound.
2:46 of 3rd period - Shot by Corey Potter.
2:46 of 3rd period - Shot Misses the Net.
2:47 of 3rd period - Minor Penalty to Dustin Byfuglien for Holding.
2:48 of 3rd period - Matt Stajan wins face-off versus Tyler Kennedy in Senators zone.
2:48 of 3rd period - Matt Stajan is hit by Jared Cowen.
3:16 of 3rd period - Shot by Ryan McDonagh.
3:16 of 3rd period - Deflect By Matt Stajan.
3:16 of 3rd period - Stopped by Carey Price without a rebound.
3:17 of 3rd period - Jason Spezza wins face-off versus Taylor Hall in Senators zone.
3:17 of 3rd period - Jason Spezza is hit by Marc Methot.
3:34 of 3rd period - Off-side.
3:35 of 3rd period - Matt Stajan wins face-off versus Tyler Kennedy in neutral zone.
3:46 of 3rd period - Shot by Matt Stajan.
3:46 of 3rd period - Shot Misses the Net.
4:00 of 3rd period - Shot by Jay Harrison.
4:00 of 3rd period - Deflect By T.J. Galiardi.
4:00 of 3rd period - Stopped by Carey Price with a rebound.
4:30 of 3rd period - Shot by Taylor Hall.
4:30 of 3rd period - Shot Misses the Net.
4:32 of 3rd period - Shot by Marc Methot.
4:32 of 3rd period - Shot Blocked by Filip Kuba.
4:34 of 3rd period - Shot by Marc Methot.
4:34 of 3rd period - Shot Blocked by Erik Condra.
4:36 of 3rd period - Shot by Ryan McDonagh.
4:36 of 3rd period - Stopped by Carey Price without a rebound.
4:37 of 3rd period - Ryane Clowe wins face-off versus Jason Spezza in Senators zone.
4:38 of 3rd period - Shot by Alexander Semin.
4:38 of 3rd period - Shot Misses the Net.
4:40 of 3rd period - Shot by Ryan McDonagh.
4:40 of 3rd period - Stopped by Carey Price without a rebound.
4:41 of 3rd period - Jason Spezza wins face-off versus Ryane Clowe in Senators zone.
4:58 of 3rd period - Shot by Alexander Ovechkin.
4:58 of 3rd period - Shot Misses the Net.
5:04 of 3rd period - Shot by Jiri Tlusty.
5:04 of 3rd period - Shot Blocked by Jan Hejda.
5:06 of 3rd period - Shot by Jiri Tlusty.
5:06 of 3rd period - Stopped by Carey Price with a rebound.
5:24 of 3rd period - Shot by Jiri Tlusty.
5:24 of 3rd period - Stopped by Carey Price without a rebound.
5:25 of 3rd period - Matt Stajan wins face-off versus Jason Spezza in Senators zone.
6:55 of 3rd period - Icing by Jiri Tlusty.
6:56 of 3rd period - Sidney Crosby wins face-off versus Jiri Tlusty in Capitals zone.
7:07 of 3rd period - Shot by James Neal.
7:07 of 3rd period - Stopped by Jimmy Howard without a rebound.
7:08 of 3rd period - Sidney Crosby wins face-off versus David Desharnais in Capitals zone.
7:27 of 3rd period - Shot by James Neal.
7:27 of 3rd period - Shot Misses the Net.
7:58 of 3rd period - Icing by Jared Cowen.
7:59 of 3rd period - Sidney Crosby wins face-off versus Jiri Tlusty in Senators zone.
8:30 of 3rd period - Shot by Alexander Ovechkin.
8:30 of 3rd period - Shot Hit the Post.
8:32 of 3rd period - Shot by Tom Poti.
8:32 of 3rd period - Stopped by Carey Price without a rebound.
8:33 of 3rd period - Matt Stajan wins face-off versus Mika Zibanejad in Senators zone.
8:36 of 3rd period - Shot by Alexander Semin.
8:36 of 3rd period - Stopped by Carey Price without a rebound.
8:37 of 3rd period - Mika Zibanejad wins face-off versus Matt Stajan in Senators zone.
9:05 of 3rd period - Shot by Alexander Semin.
9:05 of 3rd period - Shot Blocked by Dustin Byfuglien.
9:21 of 3rd period - Mike Green is hit by Mika Zibanejad and loses puck.
9:25 of 3rd period - Icing by Alexander Semin.
9:26 of 3rd period - Jason Spezza wins face-off versus Matt Stajan in Capitals zone.
9:29 of 3rd period - Shot by Pierre-Alexandr Parenteau.
9:29 of 3rd period - Shot Misses the Net.
9:31 of 3rd period - Shot by Pierre-Alexandr Parenteau.
9:31 of 3rd period - Shot Misses the Net.
9:33 of 3rd period - Shot by Marc-Edouard Vlasic.
9:33 of 3rd period - Shot Misses the Net.
9:35 of 3rd period - Shot by Alexander Edler.
9:35 of 3rd period - Stopped by Jimmy Howard without a rebound.
9:35 of 3rd period - Minor Penalty to Jimmy Howard for Slashing.
9:36 of 3rd period - Sidney Crosby wins face-off versus Taylor Hall in Capitals zone.
9:56 of 3rd period - Shot by Jeff Carter.
9:56 of 3rd period - Shot Misses the Net.
10:34 of 3rd period - Daniel Briere is hit by Pierre-Alexandr Parenteau and loses puck.
10:59 of 3rd period - Shot by Alexander Edler.
10:59 of 3rd period - Stopped by Jimmy Howard without a rebound.
11:00 of 3rd period - Matt Stajan wins face-off versus Sidney Crosby in Capitals zone.
11:06 of 3rd period - Icing by Jared Cowen.
11:07 of 3rd period - Matt Stajan wins face-off versus Sidney Crosby in Senators zone.
11:43 of 3rd period - Kaspars Daugavins is hit by Douglas Murray and loses puck.
12:46 of 3rd period - Minor Penalty to Ryan McDonagh for Tripping.
12:47 of 3rd period - Sidney Crosby wins face-off versus Matt Stajan in Capitals zone.
12:52 of 3rd period - Shot by Jeff Carter.
12:52 of 3rd period - Goal by Jeff Carter - Capitals : 1 - Senators : 4.
12:53 of 3rd period - Jeff Carter wins face-off versus David Desharnais in neutral zone.
13:14 of 3rd period - Shot by David Desharnais.
13:14 of 3rd period - Stopped by Carey Price without a rebound.
13:15 of 3rd period - Jason Spezza wins face-off versus Jiri Tlusty in Senators zone.
14:36 of 3rd period - Marc Methot is hit by James Neal and loses puck.
14:45 of 3rd period - Shot by Sidney Crosby.
14:45 of 3rd period - Stopped by Jimmy Howard without a rebound.
14:45 of 3rd period - Minor Penalty to Marc Methot for Roughing.
14:46 of 3rd period - Sidney Crosby wins face-off versus Matt Stajan in Capitals zone.
14:53 of 3rd period - Shot by Sidney Crosby.
14:53 of 3rd period - Shot Misses the Net.
14:55 of 3rd period - Shot by James Neal.
14:55 of 3rd period - Shot Misses the Net.
14:57 of 3rd period - Shot by Jared Cowen.
14:57 of 3rd period - Stopped by Jimmy Howard without a rebound.
14:58 of 3rd period - Matt Stajan wins face-off versus Jason Spezza in Capitals zone.
15:09 of 3rd period - Shot by Dustin Byfuglien.
15:09 of 3rd period - Shot Misses the Net.
15:47 of 3rd period - Shot by Taylor Hall.
15:47 of 3rd period - Shot Blocked by Filip Kuba.
15:49 of 3rd period - Shot by Mike Green.
15:49 of 3rd period - Stopped by Carey Price without a rebound.
15:50 of 3rd period - Taylor Hall wins face-off versus Sidney Crosby in Senators zone.
16:01 of 3rd period - Shot by James Neal.
16:01 of 3rd period - Shot Misses the Net.
16:03 of 3rd period - Shot by James Neal.
16:03 of 3rd period - Goal by James Neal - Capitals : 1 - Senators : 5.
16:04 of 3rd period - Ryane Clowe wins face-off versus Steve Bernier in neutral zone.
16:17 of 3rd period - Icing by Corey Potter.
16:18 of 3rd period - Ryane Clowe wins face-off versus Sidney Crosby in Capitals zone.
16:22 of 3rd period - Alexander Semin is hit by Jeff Carter and loses puck.
16:40 of 3rd period - Ryane Clowe is hit by Filip Kuba and loses puck.
16:43 of 3rd period - Shot by Alexander Ovechkin.
16:43 of 3rd period - Stopped by Carey Price without a rebound.
16:44 of 3rd period - Jason Spezza wins face-off versus David Desharnais in Senators zone.
17:06 of 3rd period - Shot by Daniel Briere.
17:06 of 3rd period - Shot Misses the Net.
17:08 of 3rd period - Shot by Daniel Briere.
17:08 of 3rd period - Shot Blocked by Jason Spezza.
17:10 of 3rd period - Shot by Tomas Fleischmann.
17:10 of 3rd period - Shot Blocked by Jan Hejda.
17:12 of 3rd period - Shot by David Desharnais.
17:12 of 3rd period - Shot Misses the Net.
17:14 of 3rd period - Shot by Tomas Fleischmann.
17:14 of 3rd period - Shot Blocked by Jan Hejda.
17:16 of 3rd period - Shot by Ryan McDonagh.
17:16 of 3rd period - Stopped by Carey Price without a rebound.
17:17 of 3rd period - Sidney Crosby wins face-off versus Alexander Ovechkin in Senators zone.
17:17 of 3rd period - James Neal is hit by Alexander Ovechkin and loses puck.
17:30 of 3rd period - Shot by Mike Green.
17:30 of 3rd period - Stopped by Carey Price without a rebound.
17:31 of 3rd period - Mika Zibanejad wins face-off versus Matt Stajan in Senators zone.
17:42 of 3rd period - Shot by Josh Bailey.
17:42 of 3rd period - Stopped by Jimmy Howard without a rebound.
17:43 of 3rd period - Jiri Tlusty wins face-off versus Jason Spezza in Capitals zone.
17:43 of 3rd period - Jiri Tlusty is hit by Pierre-Alexandr Parenteau.
17:55 of 3rd period - Marc-Edouard Vlasic is hit by Jiri Tlusty and loses puck.
18:17 of 3rd period - Icing by Kaspars Daugavins.
18:18 of 3rd period - Matt Stajan wins face-off versus Jason Spezza in Senators zone.
18:40 of 3rd period - Minor Penalty to Alexander Edler for Holding.
18:41 of 3rd period - Tyler Kennedy wins face-off versus Daniel Briere in Senators zone.
19:12 of 3rd period - Shot by Alexander Semin.
19:12 of 3rd period - Shot Blocked by Jared Cowen.
19:14 of 3rd period - Shot by Taylor Hall.
19:14 of 3rd period - Shot Blocked by Jared Cowen.
19:16 of 3rd period - Shot by Alexander Semin.
19:16 of 3rd period - Deflect By Taylor Hall.
19:16 of 3rd period - Stopped by Carey Price with a rebound.
19:51 of 3rd period - Icing by T.J. Galiardi.
19:52 of 3rd period - Matt Stajan wins face-off versus Jason Spezza in Capitals zone.
Goals for this period are 0 for Capitals vs 2 for Senators.
Shots for this period are 17 for Capitals vs 8 for Senators.


Output by the SimonT Hockey Simulator (STHS) for Stephane Roy -- Original Page W3C XHTML 1.0 Valid
Hockey Simulator - Hockey Simulation - Hockey Manager